 Dungeon Crawl Stone Soup version 0.19-a0-1686-g35356ef (webtiles) character file.

34363 st0uf the Fighter (level 13, -12/109 HPs)
             Began as a Demonspawn Gladiator on Sept 25, 2016.
             Was the Champion of Okawaru.
             Mangled by a very large slime creature (40 damage)
             ... on level 15 of the Dungeon.
             The game lasted 00:58:05 (13079 turns).

st0uf the Fighter (Demonspawn Gladiator)           Turns: 13079, Time: 00:58:14

Health: -12/109    AC: 21    Str: 24    XL:     13   Next: 41%
Magic:  19/19      EV: 13    Int: 10    God:    Okawaru [******]
Gold:   1005       SH:  6    Dex: 19    Spells: 1 memorised, 11 levels left

rFire  . . .     SeeInvis +     y - +4 battleaxe (pain)
rCold  . . .     Gourm    .     X - +2 plate armour {rPois}
rNeg   . . .     Faith    .     (shield currently unavailable)
rPois  +         Spirit   .     W - +0 helmet {SInv}
rElec  .         Dismiss  .     p - +0 cloak
rCorr  .         Reflect  .     H - +0 pair of gloves
MR     .....     Harm     .     (no boots)
Stlth  ..........               (no amulet)
                                L - +4 ring of dexterity
                                G - +5 ring of strength

@: no status effects
A: claws 2, large bone plates 2, spiny 3
a: Heroism, Finesse, Renounce Religion


You were on level 15 of the Dungeon.
You worshipped Okawaru.
Okawaru was exalted by your worship.
You were not hungry.

You visited 2 branches of the dungeon, and saw 16 of its levels.
You also visited: Labyrinth and Ossuary.

You collected 1005 gold pieces.

Inventory:

Hand Weapons
 y - a +4 battleaxe of pain (weapon)
 V - the +8 mace of Forgiveness {freeze, rF+ MR+ Int-5}
   (You found it in a labyrinth)

   It has been specially enchanted to freeze those struck by it, causing extra
   injury to most foes and up to half again as much damage against particularly
   susceptible opponents.
   It can also slow down cold-blooded creatures.
   It affects your intelligence (-5).
   It protects you from fire.
   It affects your resistance to hostile enchantments.
 Z - a +3 battleaxe of electrocution
Missiles
 d - 7 throwing nets (quivered)
Armour
 p - a +0 cloak (worn)
 D - the +9 chain mail of Cheibriados's Regard {Int+8}
   (You found it on level 6 of the Dungeon)

   It affects your intelligence (+8).
 H - a +0 pair of gloves (worn)
 W - a +0 helmet of see invisible (worn)
 X - a +2 plate armour of poison resistance (worn)
Jewellery
 l - an uncursed ring of fire
 o - an uncursed ring of flight
 G - a +5 ring of strength (left hand)
 L - a +4 ring of dexterity (right hand)
 R - the ring of Yzesil {Wiz rElec}
   (You found it in a labyrinth)

   [ring of wizardry]

   It improves your spell success rate.
   It insulates you from electricity.
Wands
 e - a wand of disintegration (10/24)
 E - a wand of disintegration (10/24)
 S - a wand of digging (17/24)
Scrolls
 b - 3 scrolls of identify
 c - a scroll of enchant weapon {unknown}
 i - 4 scrolls of noise {unknown}
 k - 7 scrolls of remove curse
 m - 4 scrolls of teleportation {unknown}
 t - 4 scrolls of enchant armour {unknown}
 x - 3 scrolls of blinking {unknown}
 B - a scroll of vulnerability {unknown}
 C - 5 scrolls of recharging {unknown}
 F - a scroll of random uselessness {unknown}
 M - 2 scrolls of silence {unknown}
 P - a scroll of fog {unknown}
Potions
 g - a potion of agility {unknown}
 h - a potion of berserk rage {unknown}
 n - 2 potions of heal wounds
 r - 11 potions of curing
 s - 3 potions of resistance
 u - 3 potions of cancellation
 v - 4 potions of lignification
 w - a potion of invisibility {unknown}
 z - 4 potions of flight {unknown}
 A - 3 potions of might
 I - a potion of mutation {unknown}
 J - a potion of cure mutation {unknown}
 O - a potion of magic
 Q - a potion of brilliance
 Y - a potion of haste {unknown}
Books
 N - a Necronomicon

   Spells                             Type                      Level
   a - Haunt                          Necromancy/Summoning         7
   b - Borgnjor's Revivification      Necromancy                   8
   c - Death's Door                   Charms/Necromancy            8
   d - Infestation                    Necromancy                   8
   e - Necromutation                  Transmutation/Necromancy     8
 U - a book of Necromancy

   Spells                             Type                      Level
   a - Pain                           Necromancy                   1
   b - Animate Skeleton               Necromancy                   1
   c - Vampiric Draining              Necromancy                   3
   d - Regeneration                   Charms/Necromancy            3
   e - Animate Dead                   Necromancy                   4
   f - Control Undead                 Necromancy                   4
Comestibles
 a - 5 chunks of flesh
 f - 18 bread rations
 j - 6 meat rations
 q - 8 beef jerkies
 K - 3 fruits
 T - 2 royal jellies


   Skills:
 * Level 12.7 Fighting
 * Level 12.0 Axes
 - Level 1.7 Throwing
 + Level 8.7 Armour
 + Level 8.9 Dodging
 + Level 8.4 Invocations


You had 11 spell levels left.
You knew the following spells:

 Your Spells              Type           Power        Failure   Level  Hunger
a - Animate Skeleton      Necr           N/A          100%        1    ##.....


Dungeon Overview and Level Annotations

Branches:
Dungeon (15/15)            Temple (1/1) D:5            Lair (0/6) D:9
 Vaults (0/5) D:14
    Orc: D:9-12      Depths: D:15

Altars:
Ashenzari
Cheibriados
Dithmenos
Elyvilon
Fedhas
Gozag
Hepliaklqana
Kikubaaqudgha
Makhleb
Nemelex Xobeh
Okawaru
Qazlal
Ru
Sif Muna
Trog
Uskayaw
Vehumet
Xom
Yredelemnul
Zin
The Shining One

Shops:
D:12 }

Annotations:
D:10 exclusion: obsidian statue
D:11 exclusion: downstairs


Innate Abilities, Weirdness & Mutations

You have very sharp fingernails.
You are mostly covered in large bone plates. (SH +6)
You are completely covered in sharp spines.


Message History

You kill the brown ugly thing!
Okawaru accepts your kill.
The slime creature quivers.
The meliai changes into a shock serpent!
The slime creature quivers.
You slice the very large slime creature!!
The very large slime creature is lightly wounded.
You feel like a meek peon again.
You block the very large slime creature's attack.
You slash the very large slime creature!
The very large slime creature is lightly wounded.
You block the very large slime creature's attack.
Two slime creatures merge to form a large slime creature.
You slash the very large slime creature!
The very large slime creature is moderately wounded.
The very large slime creature is struck by your spines.
The very large slime creature hits you!!!
* * * LOW HITPOINT WARNING * * *
The very large slime creature hits you!!!
You die...

#.###### ##.##.##....
#.##...## #...#.####..
###)#.....#####.#.#.# #..
#..........<......#.#####.
#.#.#.....######.##.......
#....##)?)#######........##
#..#.###.............###.#
#.p..# ###...........# # #.
### #@######.#### # #J# #.#
#S# #.# ##J######.#
#.u.......# #..#########
..######..# ..##
..........#####....#.
##.######.##.††......


You could see a brown ugly thing, a very large slime creature, a large slime
creature and a shock serpent shaped shifter.

Vanquished Creatures
  Frances (D:14)
  Azrael (D:12)
  A minotaur (Lab)
  A fire dragon (D:15)
  Harold (D:10)
  2 vault guards (D:14)
  A centaur warrior (D:13)
  3 skeletal warriors (D:12)
  An unseen horror (D:15)
  A deep elf archer (D:14)
  A wizard (D:15)
  6 hill giants
  Pikel (D:7)
  An orc knight (D:15)
  3 deep elf magi
  2 manticores
  A cyclops (D:14)
  8 ugly things
  A gargoyle (D:13)
  A yaktaur (D:14)
  2 efreet (D:15)
  A minotaur zombie (Lab)
  2 trolls
  2 two-headed ogres
  4 hippogriffs
  A meliai zombie (D:13)
  A spriggan (D:7)
  21 humans (D:14)
  A wraith (D:13)
  2 wyverns
  4 fire elementals (D:12)
  A hungry ghost (D:13)
  A mottled dragon (D:12)
  A steam dragon (D:12)
  2 hell hounds (D:12)
  A water moccasin (D:8)
  Duvessa (D:6)
  2 ice beasts
  3 orc warriors
  3 sky beasts
  4 slaves (D:7)
  3 black bears
  2 phantoms
  5 ogres
  7 centaurs
  2 big kobolds
  An elf zombie (Ossuary)
  8 bullfrogs
  Dowan (D:6)
  A water moccasin zombie (D:7)
  A wyvern skeleton (D:14)
  4 scorpions
  16 wights
  7 killer bees
  An electric eel (D:11)
  4 howler monkeys
  6 crimson imps
  4 centaur zombies
  A bullfrog zombie (D:6)
  A quasit (D:10)
  5 orc priests
  10 hounds
  11 orc wizards
  A wasp zombie (D:13)
  A gnoll shaman (D:9)
  A human zombie (Ossuary)
  3 iguanas
  5 bullfrog skeletons
  8 centaur skeletons
  8 worker ants
  2 big kobold zombies (Ossuary)
  4 hound zombies (Ossuary)
  4 mummies
  A worker ant zombie (D:6)
  12 adders
  7 gnolls
  8 shadow imps
  3 oozes
  An adder zombie (Ossuary)
  2 adder skeletons
  4 dart slugs
  4 leopard geckos
  44 orcs
  8 bats
  2 giant cockroaches
  7 goblins
  8 hobgoblins
  4 jackals
  5 quokkas
  A ball python skeleton (D:4)
  2 frilled lizards
  5 goblin zombies (Ossuary)
  3 hobgoblin zombies (Ossuary)
  A jackal zombie (Ossuary)
  8 kobolds
  3 kobold zombies (Ossuary)
  A leopard gecko zombie (D:5)
  3 orc zombies (Ossuary)
  2 quokka zombies (Ossuary)
  6 rats
  6 rat zombies (Ossuary)
  3 fungi (D:9)
400 creatures vanquished.

Notes
Turn   | Place    | Note
-------+----------+-------------------------------------------
     0 | D:1      | st0uf the Demonspawn Gladiator began the quest for the Orb.
     0 | D:1      | Reached XP level 1. HP: 16/16 MP: 1/1
   189 | D:1      | Gained mutation: You have sharp fingernails. [demonic ancestry]
   189 | D:1      | Reached XP level 2. HP: 21/22 MP: 2/2
   808 | D:1      | Reached XP level 3. HP: 28/28 MP: 3/3
   909 | D:2      | Reached skill level 1 in Armour
   972 | D:2      | Gained mutation: You are partially covered in sharp spines. [demonic ancestry]
   972 | D:2      | Reached XP level 4. HP: 4/34 MP: 4/4
  1502 | D:2      | Found a shimmering altar of Xom.
  2123 | D:3      | Found a radiant altar of Vehumet.
  2141 | D:3      | Gained mutation: You are mostly covered in sharp spines. [demonic ancestry]
  2141 | D:3      | Reached XP level 5. HP: 33/41 MP: 5/5
  2378 | D:4      | Found an ancient bone altar of Kikubaaqudgha.
  2378 | D:4      | Found a sacrificial altar of Ru.
  2444 | D:4      | Found a sand-covered staircase.
  2456 | Ossuary  | Entered an ossuary
  2606 | Ossuary  | Gained mutation: You are completely covered in sharp spines. [demonic ancestry]
  2606 | Ossuary  | Reached XP level 6. HP: 48/48 MP: 6/6
  2929 | Ossuary  | Gained mutation: You have very sharp fingernails. [demonic ancestry]
  2929 | Ossuary  | Reached XP level 7. HP: 38/55 MP: 7/7
  2984 | Ossuary  | Reached skill level 5 in Fighting
  3000 | D:4      | Found a hide-covered altar of Uskayaw.
  3002 | D:4      | Noticed a hand axe
  3003 | D:4      | Noticed a dagger
  3187 | D:4      | Reached skill level 5 in Axes
  3532 | D:5      | Entered Level 5 of the Dungeon
  3532 | D:5      | Found a snail-covered altar of Cheibriados.
  3806 | D:5      | Gained mutation: You are partially covered in large bone plates. (SH +4) [demonic ancestry]
  3806 | D:5      | Reached XP level 8. HP: 34/64 MP: 8/8
  4080 | D:5      | Found a staircase to the Ecumenical Temple.
  4087 | Temple   | Entered the Ecumenical Temple
  4127 | Temple   | Became a worshipper of Warmaster Okawaru
  4336 | D:5      | Found a hazy altar of Hepliaklqana.
  4704 | D:6      | Got a heavily runed chain mail
  4707 | D:6      | Identified the +9 chain mail of Cheibriados's Regard {Int+8} (You found it on level 6 of the Dungeon)
  4885 | D:6      | Noticed Duvessa
  4885 | D:6      | Noticed Dowan
  4895 | D:6      | Killed Duvessa
  4895 | D:6      | Reached * piety under Okawaru
  4900 | D:6      | Killed Dowan
  5175 | D:6      | Reached skill level 5 in Dodging
  5210 | D:7      | Noticed Pikel
  5218 | D:7      | Killed Pikel
  5218 | D:7      | Reached XP level 9. HP: 57/72 MP: 9/9
  5265 | D:7      | Reached ** piety under Okawaru
  5526 | D:7      | Found an opulent altar of Gozag.
  5710 | D:8      | Reached skill level 5 in Armour
  5820 | D:8      | Reached *** piety under Okawaru
  5860 | D:8      | Reached XP level 10. HP: 81/82 MP: 10/10
  6009 | D:8      | Found a glowing golden altar of the Shining One.
  6213 | D:9      | Found a staircase to the Lair.
  6562 | D:9      | Reached **** piety under Okawaru
  6889 | D:9      | Noticed a six-headed hydra
  6932 | D:10     | Entered Level 10 of the Dungeon
  6993 | D:10     | Noticed Harold
  7037 | D:10     | Killed Harold
  7037 | D:10     | Received a gift from Okawaru
  7037 | D:10     | Reached skill level 1 in Invocations
  7365 | D:10     | Noticed an obsidian statue
  7610 | D:11     | Noticed a hill giant
  7624 | D:11     | Killed a hill giant
  7681 | D:11     | Noticed a manticore
  7690 | D:11     | Killed a manticore
  7690 | D:11     | Received a gift from Okawaru
  7742 | D:11     | Noticed a purple ugly thing
  7758 | D:11     | Killed a purple ugly thing
  7758 | D:11     | Reached skill level 10 in Fighting
  7758 | D:11     | Reached XP level 11. HP: 61/90 MP: 11/13
  7922 | D:11     | Noticed a hill giant
  7938 | D:11     | Killed a hill giant
  8566 | D:12     | Found a labyrinth entrance.
  8571 | Lab      | Entered a labyrinth
  9178 | Lab      | Noticed a minotaur
  9190 | Lab      | Killed a minotaur
  9190 | Lab      | Reached ***** piety under Okawaru
  9378 | Lab      | Got a warped bone ring
  9379 | Lab      | Got a pitted mace
  9380 | Lab      | Identified the +8 mace of Forgiveness {freeze, rF+ MR+ Int-5} (You found it in a labyrinth)
  9446 | D:12     | Noticed Azrael
  9448 | D:12     | Identified the ring of Yzesil {Wiz rElec} (You found it in a labyrinth)
  9460 | D:12     | Reached skill level 10 in Axes
  9464 | D:12     | Killed Azrael
  9464 | D:12     | Received a gift from Okawaru
  9767 | D:12     | Found Ysuver's Quality Used Wands.
  9970 | D:12     | Noticed a skeletal warrior
  9987 | D:12     | Noticed a skeletal warrior
  9993 | D:12     | Killed a skeletal warrior
 10229 | D:12     | Killed a skeletal warrior
 10229 | D:12     | Received a gift from Okawaru
 10229 | D:12     | Reached skill level 5 in Invocations
 10586 | D:12     | Noticed a skeletal warrior
 10604 | D:12     | Killed a skeletal warrior
 10873 | D:12     | Noticed a white ugly thing
 10881 | D:12     | Killed a white ugly thing
 10986 | D:13     | Noticed a hill giant
 10994 | D:13     | Killed a hill giant
 10994 | D:13     | Gained mutation: You are mostly covered in large bone plates. (SH +6) [demonic ancestry]
 10994 | D:13     | Reached XP level 12. HP: 86/100 MP: 16/16
 11074 | D:13     | Noticed a centaur warrior
 11083 | D:13     | Killed a centaur warrior
 11906 | D:14     | Received a gift from Okawaru
 12050 | D:14     | Noticed Frances
 12074 | D:14     | Killed Frances
 12307 | D:14     | Found a gate to the Vaults.
 12307 | D:14     | Noticed a vault guard
 12307 | D:14     | Noticed a vault guard
 12314 | D:14     | Killed a vault guard
 12316 | D:14     | Killed a vault guard
 12316 | D:14     | Received a gift from Okawaru
 12330 | D:14     | Reached ****** piety under Okawaru
 12330 | D:14     | Reached XP level 13. HP: 69/108 MP: 18/18
 12601 | D:15     | Entered Level 15 of the Dungeon
 12769 | D:15     | Learned a level 1 spell: Animate Skeleton
 12885 | D:15     | Noticed a fire dragon
 12893 | D:15     | Killed a fire dragon
 12920 | D:15     | Received a gift from Okawaru
 13079 | D:15     | Mangled by a very large slime creature

Vault maps used:
D:1:      lemuel_arrival_lava_pool
D:2:      tgw_xom, first_bread
D:3:      overflow_temple_1_default
D:4:      dancing_weapons_uskayaw, gammafunk_temple_overflow_wave,
          gup_ossuary_entry_pyramid
D:5:      cheibriados_altar_1, kennysheep_little_box
D:6:      nrook_mini_backslash, hangedman_decor_diamond_cutter, uniq_duvessa
D:7:      lemuel_crystal_altar, the_bakery, uniq_pikel
D:8:      kennysheep_mini_moat, nrook_mini_vaults
D:9:      dpeg_oklobed_lair
D:10:     serial_curves, eino_curves_02, eino_curves_02, minmay_statue_bubble,
          uniq_harold
D:11:     statuecave_lemuel
D:12:     orc_0_dummy, lab_entry_generic, nicolae_for_you_no_charge, uniq_azrael
D:14:     grunt_vaults_entry_tiered, kennysheep_nub, uniq_frances
D:15:     gammafunk_enter_depths_forms
Temple:   minmay_temple_bridge_abc
Lab:      labyrinth_hidden_loot, nicolae_lab_stuck
Ossuary:  minmay_ossuary_two_tombs

Skill      XL: |  1  2  3  4  5  6  7  8  9 10 11 12 13 |
---------------+----------------------------------------+-----
Axes           | 3 4 5 7 8 9 10 11 12 | 12.0
Dodging        | 3 4 5 6 7 8 |  8.9
Armour         | 1 2 3 4 5 6 7 8 |  8.7
Fighting       | 3 4 5 7 8 10 11 12 | 12.7
Invocations    | 3 5 7 8 |  8.4
Throwing       | |  1.7

Action                   |  1- 3 |  4- 6 |  7- 9 | 10-12 | 13-15 || total
-------------------------+-------+-------+-------+-------+-------++-------
Melee: War axe           |    89 |   143 |   223 |   261 |       ||   716
       Broad axe         |       |       |       |    97 |       ||    97
       Battleaxe         |       |       |       |   212 |   103 ||   315
Invok: Heroism           |       |       |       |    11 |     4 ||    15
       Finesse           |       |       |       |     1 |       ||     1
Evoke: Wand              |       |       |       |     2 |       ||     2
  Use: Potion            |     2 |       |       |     1 |       ||     3
       Scroll            |       |       |     3 |     7 |       ||    10
  Eat: Chunk             |       |     5 |    10 |    13 |     3 ||    31
       Fruit             |       |     1 |     1 |       |       ||     2
       Meat ration       |       |       |       |     2 |       ||     2
Armor: Leather armour    |    52 |    11 |       |       |       ||    63
       Ring mail         |       |    40 |     8 |       |       ||    48
       Chain mail        |       |       |   134 |   314 |    30 ||   478
       Plate armour      |       |       |       |       |     3 ||     3
Dodge: Dodged            |   101 |    92 |   107 |   269 |    36 ||   605
Block: Other             |       |       |    27 |   126 |    11 ||   164
